 Dungeon Crawl Stone Soup version 0.29-a0-340-g6efceafd81 (webtiles) character file.

Game seed: 17708815592959131953

7460 kevlar127 the Grappler (level 10, -4/102 HPs)
             Began as a Troll Gladiator on Apr 20, 2022.
             Was an Initiate of Gozag.
             Slain by a fire elemental (11 damage)
             ... summoned by a deep elf pyromancer
             ... on level 10 of the Dungeon.
             The game lasted 00:59:30 (7928 turns).

kevlar127 the Grappler (Troll Gladiator)            Turns: 7928, Time: 00:59:32

Health: -4/102     AC: 12    Str: 28    XL:     10   Next: 94%
Magic:  9/9        EV:  9    Int:  4    God:    Gozag
Gold:   1250       SH:  0    Dex: 11    Spells: 9/9 levels left

rFire   . . .      SeeInvis +     - Unarmed
rCold   . . .      Faith    .   (no shield)
rNeg    . . .      Spirit   .   C - +0 swamp dragon scales
rPois   +          Reflect  .   b - +2 hat
rElec   .          Harm     .   e - scarf {repulsion}
rCorr   +          Rampage  .   (gloves unavailable)
Will    .....                   (boots unavailable)
Stlth   +.........              q - amulet of Lacveg {Fly Regen+}
HPRegen 1.87/turn               s - ring of resist corrosion
MPRegen 0.11/turn               w - ring of see invisible

@: flying, studying Throwing, repel missiles
A: large, unfitting armour, claws 3, regeneration 1, shaggy fur 1, tough skin 1
a: Renounce Religion, Potion Petition, Call Merchant, Bribe Branch


You were on level 10 of the Dungeon.
You worshipped Gozag.
Gozag was most pleased with you.
You visited 2 branches of the dungeon, and saw 11 of its levels.

You collected 1270 gold pieces.
You paid 20 gold pieces to Gozag.

Inventory:

Hand Weapons
 n - a +0 giant club
Missiles
 c - 3 throwing nets
 l - 129 stones
 u - 28 poisoned darts (quivered)
Armour
 b - a +2 hat (worn)
 e - a scarf of repulsion (worn)
 f - a +1 cloak
 C - +0 swamp dragon scales (worn)
 F - a scarf of harm
Jewellery
 j - a ring of fire
 o - a ring of flight
 q - the amulet of Lacveg (around neck) {Fly Regen+}
   (You found it on level 2 of the Dungeon)

   [amulet of regeneration]

   Fly:       It grants you flight.
   Regen:     It increases your rate of health regeneration.
 s - a ring of resist corrosion (left claw)
 w - a ring of see invisible (right claw)
Wands
 v - a wand of iceblast (7)
 y - a wand of charming (6)
 A - a wand of digging (3)
Scrolls
 a - a scroll of holy word
 d - 2 scrolls of teleportation
 p - a scroll of enchant weapon
 D - a scroll of silence {unknown}
Potions
 g - a potion of might {unknown}
 i - 2 potions of curing
 k - 5 potions of mutation
 m - a potion of resistance {unknown}
 r - a potion of attraction
 x - a potion of lignification {unknown}
 z - 2 potions of berserk rage
 B - a potion of flight
 E - a potion of brilliance
 H - a potion of haste {unknown}


   Skills:
 + Level 7.1 Fighting
 + Level 6.5 Maces & Flails
 + Level 8.5 Throwing
 + Level 3.5 Armour
 - Level 3.1 Dodging
 + Level 8.9 Unarmed Combat


You had 9 spell levels left.
You didn't know any spells.
Your spell library contained the following spells:

 Spells                   Type           Power      Damage    Failure   Level
 Summon Small Mammal      Summ           0%         N/A       63%         1
 Sublimation of Blood     Necr           0%         N/A       77%         2
 Wereblood                Tmut           0%         N/A       77%         2
 Call Canine Familiar     Summ           0%         N/A       94%         3
 Gell's Gravitas          Tloc           0%         N/A       94%         3
 Summon Guardian Golem    Hex/Summ       0%         N/A       94%         3
 Teleport Other           Tloc           0%         N/A       94%         3
 Dispersal                Tloc           0%         N/A       100%        6
 Summon Hydra             Summ           0%         N/A       100%        7


Dungeon Overview and Level Annotations

Branches:
Dungeon (10/15)            Temple (1/1) D:4
   Lair: D:8-11         Orc: D:9-12

Altars:
Cheibriados
Elyvilon
Fedhas
Gozag
Hepliaklqana
Kikubaaqudgha
Makhleb
Nemelex Xobeh
Okawaru
Qazlal
Ru
Sif Muna
Trog
Uskayaw
Vehumet
Wu Jian
Xom
Yredelemnul
Zin
The Shining One

Shops:
D:4 =   D:10 (

Annotations:
D:8 Maurice


Innate Abilities, Weirdness & Mutations

You are too large for most types of armour.
You have claws for hands.
Your natural rate of healing is unusually fast.
You are covered in fur. (AC +1)
You have tough skin. (AC +1)


Message History

* * * LOW HITPOINT WARNING * * *
The fire elemental disappears in a puff of smoke!
The killer bee stings you.
* * * LOW HITPOINT WARNING * * *
The fire elemental is distracted by your dazzling golden aura.
The killer bee attacks as you move away!
The killer bee stings you but does no damage. x2
Found a stone staircase leading down.
The killer bee stings you.
* * * LOW HITPOINT WARNING * * *
The killer bee attacks as you move away!
The killer bee stings you but does no damage.
The deep elf pyromancer gestures wildly while chanting.
The deep elf pyromancer blinks!
The killer bee stings you but does no damage.
The killer bee attacks as you move away!
The killer bee stings you but does no damage. x2
The killer bee attacks as you move away!
The killer bee stings you.
* * * LOW HITPOINT WARNING * * *
The killer bee is distracted by your dazzling golden aura.
The deep elf pyromancer gestures wildly while chanting.
The deep elf pyromancer blinks!
The killer bee stings you but does no damage.
Found Dumut's Antique Weapon Shop.
The killer bee is no longer distracted by gold.
The yak snorts and paws the ground.
The killer bee closely misses you. The yak gores you!
* * * LOW HITPOINT WARNING * * *
The killer bee stings you but does no damage.
The fire elemental completely misses you.
The killer bee stings you.
* * * LOW HITPOINT WARNING * * *
The killer bee attacks as you move away!
The killer bee stings you but does no damage.
The killer bee attacks as you move away!
The killer bee closely misses you. The fire elemental hits you.
The fire elemental burns you!
You die...
Your body crumbles into a pile of gold.

.......#.#...##
..............(..... ..
.......(.....##...........
((.....!.....##................
..$..y.......##...##...........
.......°Y......#...........>..##
.. #.yYY.# #..#................
... ###.Y#####.#y...............
#.. #.$##.....@yY..g.E.......#
...# #..##.∩....E......°....#
.#.####..##.......○Y..Y..☼...##
.#.#..^...#####....°g..##.☼☼..#
...(....$..###.....Y...##...○.#
...#...................##.g..##
.....#....g.$...........##....#
......................e.#.....#
..........................E####


You could see a deep elf pyromancer, 4 yaks, 2 fire elementals, 2 killer bees
and 2 gnolls.

Vanquished Creatures
  Joseph (D:10)
  An unseen horror (D:7)
  Maggie (D:6)
  A troll (D:5)
  Sigmund (D:6)
  A vampire (D:9)
  A shadow (D:9)
  A wyvern (D:8)
  4 yaks
  A steam dragon (D:8)
  An acid dragon (D:9)
  Edmund (D:4)
  3 water moccasins
  2 orc warriors
  A sky beast (D:6)
  An ice beast (D:7)
  5 black bears
  An ogre (D:4)
  8 centaurs
  2 gnoll sergeants
  4 bullfrogs
  2 scorpions
  9 wights
  17 killer bees
  A howler monkey (D:3)
  An electric eel (D:6)
  4 orc priests
  6 hounds
  3 jellies
  3 gnoll shamans
  2 iguanas (D:5)
  9 orc wizards
  Robin (D:3)
  18 gnolls
  13 adders
  3 shadow imps
  2 white imps (D:8)
  3 ufetubi
  A worm (D:4)
  2 dart slugs (D:1)
  29 orcs
  7 bats
  8 endoplasms
  6 giant cockroaches
  12 goblins
  10 hobgoblins
  9 jackals
  A quokka (D:2)
  7 ball pythons
  4 frilled lizards
  12 kobolds
  7 rats
254 creatures vanquished.

Vanquished Creatures (others)
  A yak (D:10)
  2 gnolls (D:8)
  A kobold (D:3)
  A fungus (D:10)
  5 plants
  A withered plant (D:1)
11 creatures vanquished.

Grand Total: 265 creatures vanquished

Notes
Turn   | Place    | Note
-------+----------+-------------------------------------------
     0 | D:1      | kevlar127 the Troll Gladiator began the quest for the Orb.
     0 | D:1      | Reached XP level 1. HP: 19/19 MP: 0/0
    85 | D:1      | Reached XP level 2. HP: 28/28 MP: 1/1
   102 | D:1      | Found a faded altar of an unknown god.
   403 | D:1      | Reached XP level 3. HP: 35/35 MP: 2/2
   968 | D:2      | Reached XP level 4. HP: 39/42 MP: 3/3
  1277 | D:2      | Identified the amulet of Lacveg {Fly Regen+}
  1509 | D:3      | Reached XP level 5. HP: 50/50 MP: 4/4
  1580 | D:3      | Noticed Robin
  1593 | D:3      | Killed Robin
  2022 | D:4      | Noticed Edmund
  2097 | D:4      | Killed Edmund
  2098 | D:4      | Reached XP level 6. HP: 24/61 MP: 5/5
  2201 | D:4      | Reached skill level 5 in Unarmed Combat
  2201 | D:4      | Reached XP level 7. HP: 66/67 MP: 6/6
  2908 | D:4      | Found a staircase to the Ecumenical Temple.
  2939 | D:4      | Reached skill level 1 in Maces & Flails
  2969 | Temple   | Entered the Ecumenical Temple
  3121 | Temple   | Became a worshipper of Gozag Ym Sagoz the Greedy
  3588 | D:4      | Found Meiclun's Jewellery Shoppe.
  3741 | D:5      | Entered Level 5 of the Dungeon
  3779 | D:5      | Noticed a troll
  3793 | D:5      | Killed a troll
  3853 | D:5      | Reached XP level 8. HP: 78/78 MP: 7/7
  3925 | D:5      | Reached skill level 5 in Throwing
  4017 | D:5      | Found a shimmering blue altar of Sif Muna.
  4485 | D:6      | Noticed Maggie
  4488 | D:6      | Reached skill level 5 in Fighting
  4508 | D:6      | Killed Maggie
  4509 | D:6      | Reached XP level 9. HP: 74/88 MP: 8/8
  5160 | D:6      | Noticed Sigmund
  5164 | D:6      | Killed Sigmund
  5476 | D:7      | Reached skill level 5 in Maces & Flails
  5644 | D:7      | Reached skill level 1 in Armour
  5702 | D:7      | Noticed an unseen horror
  5799 | D:7      | Killed an unseen horror
  5800 | D:7      | Reached XP level 10. HP: 67/83 MP: 9/9
  6187 | D:8      | Identified a scroll of acquirement
  6187 | D:8      | Acquired a manual of Throwing
  6209 | D:8      | Found an iron altar of Okawaru.
  6264 | D:8      | Noticed Maurice
  6338 | D:8      | HP: 1/92 [something] (10)]
  6626 | D:8      | Found a sacrificial altar of Ru.
  6960 | D:7      | Identified the +0 ring mail "Efoffomm" {MP+9 Str+2 Slay-5}
  7580 | D:9      | Found a basalt altar of Yredelemnul.
  7669 | D:9      | Found a burning altar of Makhleb.
  7676 | D:9      | Found an ornate altar of the Wu Jian Council.
  7677 | D:9      | Found a blossoming altar of Fedhas.
  7739 | D:9      | Found a hide-covered altar of Uskayaw.
  7763 | D:10     | Entered Level 10 of the Dungeon
  7877 | D:10     | Noticed Joseph
  7879 | D:10     | Noticed a deep elf pyromancer
  7884 | D:10     | Killed Joseph
  7913 | D:10     | HP: 4/102 [burnt (6)]
  7918 | D:10     | HP: 4/102 [killer bee (2)]
  7925 | D:10     | Found Dumut's Antique Weapon Shop.
  7926 | D:10     | HP: 5/102 [yak (12)]
  7928 | D:10     | Slain by a fire elemental

Illustrated notes

Levels and vault maps discovered:
D:1:      sevenhm_arrival_forest_fort_large_4, layout_basic,
          ebering_ecumenical_altar_petrified, grunt_decor_fettered
D:2:      layout_rooms
D:3:      layout_basic, uniq_robin
D:4:      layout_cave_pools, minmay_temple_entry_slanted, nicolae_stop_n_shop_2,
          uniq_edmund
D:5:      layout_loops_ring, kennysheep_mini, portal_sewer_entry_d,
          kennysheep_potato
D:6:      layout_cave_pods, minivault_4, nicolae_elevator_lobby_asterisk,
          uniq_sigmund, uniq_maggie
D:7:      layout_loops_ring
D:8:      layout_cave_pools, mainiacjoe_overflow_chevrons,
          okawaru_ov_weapons_minmay, uniq_maurice
D:9:      layout_cave_pools, lemuel_coloured_pillars_altar, minitemple,
          mainiacjoe_overflow_tiny_flanked
D:10:     layout_cave_pools, grunt_dithmenos_shadows,
          mainiacjoe_overflow_alcove_4, grunt_lair_entry_orc_guard_hut,
          serial_gnoll_camp, gnoll_camp_mini_sergeant, gnoll_camp_mini_shop,
          gnoll_camp_mini_doghouse, uniq_joseph
Temple:   chequers_temple_sunken

Skill      XL: |  1  2  3  4  5  6  7  8  9 10 |
---------------+-------------------------------+-----
Throwing       | 2 3 4 5 6 8 |  8.5
Fighting       | 2 3 4 5 6 7 |  7.1
Dodging        | 3 |  3.1
Unarmed Combat | 4 5 6 8 |  8.9
Maces & Flails | 2 4 5 6 |  6.5
Armour         | 1 3 |  3.5

Action                   |  1- 3 |  4- 6 |  7- 9 | 10-12 || total
-------------------------+-------+-------+-------+-------++-------
Melee: Unarmed           |   106 |   172 |   312 |   180 ||   770
       Punch             |     2 |     1 |     9 |     8 ||    20
Throw: Large rock        |       |       |     6 |    15 ||    21
       Javelin           |       |       |       |     3 ||     3
       Throwing net      |       |       |       |     1 ||     1
  Use: Scroll            |       |     5 |     8 |     4 ||    17
       Potion            |       |       |       |     4 ||     4
 Stab: Sleeping          |     2 |       |     1 |       ||     3
       Distracted        |       |       |     3 |     3 ||     6
Armor: Robe              |    36 |    89 |    58 |       ||   183
       Swamp dragon scal |       |       |    91 |   177 ||   268
Dodge: Dodged            |    61 |   113 |   156 |   179 ||   509
       Repelled          |       |       |     1 |     3 ||     4

Table legend: (Time is in decaauts)
 A = Elapsed time spent in this place.
 B = Non-inter-level travel time spent in this place.
 C = Inter-level travel time spent in this place.
 D = Time resting spent in this place.
 E = Time spent auto-exploring this place.
 F = Levels seen in this place.
 G = Mean time per level.
                   A        B        C        D        E       F      G
               +--------+--------+--------+--------+--------+-----+--------+
         Total |   7855 |   7347 |    508 |    736 |   4627 |  11 |  714.1 |
       Dungeon |   7300 |   6844 |    456 |    736 |   4134 |  10 |  730.0 |
        Temple |    554 |    502 |     52 |      0 |    493 |   1 |  554.0 |
               +--------+--------+--------+--------+--------+-----+--------+

Top non-repeatable levels by time:
     D:4: 1127 daAuts
     D:6: 870 daAuts
     D:7: 864 daAuts
     D:1: 850 daAuts
     D:8: 832 daAuts
     D:3: 747 daAuts
     D:5: 746 daAuts
     D:9: 639 daAuts
  Temple: 554 daAuts
     D:2: 456 daAuts
    D:10: 164 daAuts
